 Dungeon Crawl Stone Soup version 0.18.1-48-g4cf74bf (webtiles) character file.

2486 Joat the Poker (level 9, -3/75 HPs)
             Began as a Centaur Gladiator on Sept 4, 2016.
             Was an Initiate of Qazlal.
             Slain by a killer bee (5 damage)
             ... on level 7 of the Dungeon.
             The game lasted 00:39:16 (8250 turns).

Joat the Poker (Centaur Gladiator)                  Turns: 8250, Time: 00:39:17

Health: -3/75      AC: 11    Str: 19    XL:     9   Next: 27%
Magic:  11/11      EV:  6    Int:  7    God:    Qazlal [......]
Gold:   314        SH:  0    Dex: 12    Spells: 0 memorised, 8 levels left

rFire  . . .     SeeInvis .     e - +3 spear (flame)
rCold  . . .     Gourm    .     y - +2 chain mail {rPois}
rNeg   . . .     Faith    .     (no shield)
rPois  +         Spirit   .     c - +0 helmet
rElec  .         Dismiss  .     (no cloak)
rCorr  .         Reflect  .     (no gloves)
SustAt .         Harm     .     (no barding)
MR     .....                    s - amulet of rage
Stlth  ..........               (no ring)
                                l - ring of stealth

@: hasted, very quick, not resistant to hostile enchantments, extremely
unstealthy
A: hooves 3, deformed body, speed 2, tough skin 3
a: Renounce Religion, Evoke Berserk Rage


You were on level 7 of the Dungeon.
You worshipped Qazlal.
Qazlal was noncommittal.
You were hungry.

You visited 2 branches of the dungeon, and saw 9 of its levels.
You also visited: Sewer and Ossuary.

You collected 582 gold pieces.
You spent 268 gold pieces at shops.

Inventory:

Hand Weapons
 e - a +3 spear of flaming (weapon)
Missiles
 d - 3 throwing nets
 o - 3 javelins (quivered)
Armour
 c - a +0 helmet (worn)
 y - a +2 chain mail of poison resistance (worn)
Rods
 j - a +0 iron rod (14/14)
   (You found it on level 8 of the Dungeon)
Jewellery
 l - a ring of stealth (left hand)
 s - an amulet of rage (around neck)
Wands
 F - a wand of iceblast (5/15)
Scrolls
 g - a scroll of fear
 h - 4 scrolls of remove curse
 i - a scroll of fog
 m - a scroll of recharging
 n - 4 scrolls of amnesia
 t - a scroll of enchant weapon
 G - a scroll of holy word {unknown}
Potions
 b - 2 potions of agility
 k - 3 potions of resistance
 p - a potion of invisibility
 q - a potion of berserk rage
 r - 9 potions of curing
 u - 5 potions of haste
 v - a potion of magic {unknown}
 w - 2 potions of cure mutation {unknown}
 z - 3 potions of mutation {unknown}
 A - a potion of lignification {unknown}
 B - 2 potions of heal wounds {unknown}
 C - 2 potions of flight {unknown}
Comestibles
 a - 2 chunks of flesh
 f - 3 bread rations
 x - 7 fruits
 D - 3 meat rations
 E - a slice of pizza


   Skills:
 + Level 5.9 Fighting
 * Level 7.7 Polearms
 - Level 2.1 Throwing
 + Level 4.1 Armour
 + Level 3.6 Dodging
 + Level 3.4 Evocations


You had 8 spell levels left.
You didn't know any spells.

Dungeon Overview and Level Annotations

Branches:
Dungeon (8/15)             Temple (1/1) D:7
   Lair: D:8-11

Altars:
Elyvilon
Fedhas
Gozag
Kikubaaqudgha
Makhleb
Nemelex Xobeh
Okawaru
Pakellas
Qazlal
Ru
Sif Muna
Xom
Yredelemnul
Zin
The Shining One

Shops:
D:4 }   D:5 [(([


Innate Abilities, Weirdness & Mutations

You have hooves in place of feet.
Armour fits poorly on your strangely shaped body.
You cover ground very quickly.
You have extremely tough skin (AC +3).


Message History

The killer bee stings you but does no damage.
You hit the killer bee. You burn the killer bee.
Your kick misses the killer bee.
The killer bee is severely wounded.
The killer bee barely misses you. The killer bee closely misses you.
You hit the killer bee but do no damage.
Your kick misses the killer bee.
The killer bee is severely wounded.
The killer bee stings you but does no damage.
The killer bee stings you.
* * * LOW HITPOINT WARNING * * *
The killer bee barely misses you. The killer bee stings you.
* * * LOW HITPOINT WARNING * * *
Drink which item? (? for menu, Esc to quit)
It was a potion of haste.
You feel yourself speed up. The killer bee stings you.
* * * LOW HITPOINT WARNING * * *
The killer bee stings you but does no damage.
The killer bee stings you.
You die...

##.......### ##.....###...
#..........## ###..## ##.#
#...........# #### ##...
#...........##### ##....
##..........##...## ##.....
#..........##..⌠..####......
#..........#.......##...>...
#..........#..._...##.......
#.........y@.8...8.#........
#.........y#..._...#........
#..........#.......#........
#..........##..⌠..##........
####
##..........##...###........
...####>..........#####
#........
....#..#.............#
#........
.....####...........##
#........ .....#
####...#..### #........


You could see 2 killer bees.

Vanquished Creatures
  An orc warrior (D:5)
  A wasp (D:7)
  The ghost of Joat the Skirmisher, an amateur CeFi (Ossuary)
  An ice beast (D:7)
  An ogre (D:6)
  2 centaurs
  A big kobold (Sewer)
  5 giant frogs
  A water moccasin zombie (D:8)
  A scorpion (D:6)
  A howler monkey (D:4)
  4 crimson imps
  A quasit (D:7)
  2 hounds
  2 orc priests
  A human zombie (Ossuary)
  A centaur skeleton (D:4)
  2 giant frog skeletons
  5 orc wizards
  Ijyb (D:3)
  Natasha (thrice) (D:3)
  Terence (D:3)
  2 iguanas (D:6)
  8 worker ants
  2 killer bee zombies (D:5)
  2 big kobold zombies (Ossuary)
  2 hound skeletons (D:7)
  4 mummies (Ossuary)
  A howler monkey skeleton (D:6)
  12 adders
  2 oozes
  3 adder zombies
  2 adder skeletons
  5 worms
  3 dart slugs
  11 giant geckos
  14 orcs
  A ball python (D:1)
  7 bats
  8 giant cockroaches
  10 goblins
  5 hobgoblins
  8 jackals
  3 quokkas
  7 giant newts
  2 gnoll zombies (Ossuary)
  A goblin zombie (Ossuary)
  A jackal zombie (Ossuary)
  9 kobolds
  A kobold zombie (Ossuary)
  An orc zombie (Ossuary)
  11 rats
  A rat zombie (Ossuary)
188 creatures vanquished.

Notes
Turn   | Place    | Note
--------------------------------------------------------------
     0 | D:1      | Joat the Centaur Gladiator began the quest for the Orb.
     0 | D:1      | Reached XP level 1. HP: 17/17 MP: 1/1
   125 | D:1      | Reached skill level 3 in Polearms
   127 | D:1      | Reached XP level 2. HP: 11/24 MP: 2/2
   798 | D:2      | Reached XP level 3. HP: 27/30 MP: 3/3
  1309 | D:2      | Reached skill level 1 in Armour
  1380 | D:2      | Found a white marble altar of Elyvilon.
  1431 | D:2      | Reached XP level 4. HP: 31/37 MP: 4/4
  1595 | D:3      | Noticed Terence
  1632 | D:3      | Killed Terence
  1632 | D:3      | Reached skill level 4 in Polearms
  1947 | D:3      | Noticed Ijyb
  2008 | D:3      | Killed Ijyb
  2027 | D:3      | Reached XP level 5. HP: 42/45 MP: 5/5
  2372 | D:3      | Noticed Natasha
  2389 | D:3      | Killed Natasha
  2759 | D:3      | Noticed Natasha
  2770 | D:3      | Killed Natasha
  2907 | D:3      | Noticed Natasha
  2913 | D:3      | Killed Natasha
  2913 | D:3      | Reached XP level 6. HP: 41/52 MP: 6/6
  3113 | D:4      | Reached skill level 5 in Polearms
  3468 | D:4      | Found Juomarche's Gadget Boutique.
  3611 | D:5      | Entered Level 5 of the Dungeon
  3768 | D:5      | Found a sand-covered staircase.
  3774 | Ossuary  | Entered an ossuary
  3815 | Ossuary  | Noticed Joat's ghost (amateur CeFi)
  3923 | Ossuary  | Killed Joat's ghost
  3923 | Ossuary  | Reached XP level 7. HP: 27/59 MP: 7/7
  4231 | D:5      | Found Ockaxywk's Armour Emporium.
  4275 | D:5      | Found a glowing drain.
  4279 | Sewer    | Entered a sewer
  4373 | Sewer    | Reached skill level 6 in Polearms
  4408 | Sewer    | Found a glowing silver altar of Zin.
  4511 | D:5      | Found Toreeplu's Weapon Boutique.
  4519 | D:5      | Bought a +3 spear of flaming for 268 gold pieces
  4632 | D:5      | Reached skill level 1 in Evocations
  4665 | D:5      | Found a blossoming altar of Fedhas.
  5017 | D:5      | Found Fyxzol's Antique Armour Shoppe.
  5093 | D:5      | Found Begi's Antique Weapon Shop.
  5288 | D:6      | Reached XP level 8. HP: 42/67 MP: 8/8
  5507 | D:6      | Reached skill level 5 in Fighting
  5862 | D:6      | Reached skill level 7 in Polearms
  6808 | D:6      | Reached XP level 9. HP: 51/75 MP: 11/11
  6980 | D:7      | Found a staircase to the Ecumenical Temple.
  6989 | Temple   | Entered the Ecumenical Temple
  6996 | Temple   | Became a worshipper of Qazlal Stormbringer
  7280 | D:7      | Found a sparkling altar of Nemelex Xobeh.
  7284 | D:7      | Found an opulent altar of Gozag.
  7527 | D:7      | Found a burning altar of Makhleb.
  7545 | D:7      | Found a glowing silver altar of Zin.
  7545 | D:7      | Noticed an angel
  7546 | D:7      | Noticed a green death
  7592 | D:7      | Got a transparent whip
  7593 | D:7      | Identified the +5 whip "Inefrur" {pain, Str+3} (You found it on level 7 of the Dungeon)
  8250 | D:7      | HP: 2/75 [killer bee (6)]
  8250 | D:7      | Slain by a killer bee

Skill      XL: |  1  2  3  4  5  6  7  8  9 |
---------------+----------------------------+-----
Polearms       | 3 4 5 6 7 |  7.7
Armour         | 1 2 3 4 |  4.1
Fighting       | 3 4 5 |  5.9
Evocations     | 1 2 3 |  3.4
Dodging        | 3 |  3.6
Throwing       | |  2.1

Action                   |  1- 3 |  4- 6 |  7- 9 || total
-------------------------+-------+-------+-------++-------
Melee: Trident           |   144 |   337 |   117 ||   598
       Kick              |    17 |    65 |    86 ||   168
       Spear             |       |       |   377 ||   377
  Use: Scroll            |       |     7 |    10 ||    17
       Potion            |       |     1 |     2 ||     3
  Eat: Chunk             |     1 |     6 |     7 ||    14
       Meat ration       |       |       |     1 ||     1
Armor: Leather armour    |    45 |       |       ||    45
       Ring mail         |     7 |     9 |       ||    16
       Scale mail        |       |    61 |       ||    61
       Chain mail        |       |   102 |   239 ||   341
Dodge: Dodged            |    56 |    94 |   118 ||   268
